 Dungeon Crawl Stone Soup version 0.26-a0-737-g4e9f4955e2 (webtiles) character file.

108678 Queen the Warrior (level 16, -1/114 HPs)
             Began as a Gargoyle Berserker on Jan 26, 2017.
             Was the Champion of Trog.
             Slain by a merfolk javelineer
             ... wielding a +0 spear
              (5 damage)
             ... on level 4 of the Shoals on Nov 4, 2020.
             The game lasted 01:23:26 (26291 turns).

Queen the Warrior (Gargoyle Berserker)             Turns: 26291, Time: 01:23:26

Health: -1/114     AC: 43    Str: 23    XL:     16   Next: 50%
Magic:  16/16      EV:  6    Int:  9    God:    Trog [******]
Gold:   1548       SH: 27    Dex: 16    Spells: 15/15 levels left

rFire    + . .     SeeInvis .   a - +6 morningstar "Zaj Olid" {freeze, Stlth+}
rCold    + . .     Faith    .   k - +1 tower shield
rNeg     + . .     Spirit   .   i - +0 plate armour "Ytuorom" {rC+ Stlth+}
rPois    ∞         Reflect  +   z - +2 helmet
rElec    +         Harm     .   K - +2 cloak
rCorr    .         Rampage  +   U - +1 pair of gloves {Dex+3}
MR       +....                  n - +2 pair of boots {rampage}
Stlth    ..........             d - amulet of reflection
HPRegen  0.29/turn              e - +4 ring of protection
MPRegen  0.15/turn              p - ring of protection from fire

@: flying
A: big wings, negative energy resistance 1, electricity resistance, unbreathing,
petrification resistance, rot immunity, AC +12
a: Stop Flying, Berserk, Trog's Hand, Brothers in Arms, Renounce Religion


You were on level 4 of the Shoals.
You worshipped Trog.
Trog was exalted by your worship.
You visited 3 branches of the dungeon, and saw 21 of its levels.
You also visited: Sewer, Ice Cave and Volcano.

You collected 1548 gold pieces.

Inventory:

Hand Weapons
 a - the +6 morningstar "Zaj Olid" (weapon) {freeze, Stlth+}
   (You found it on level 6 of the Lair of Beasts)

   It has been specially enchanted to freeze those struck by it, causing extra
   injury to most foes and up to half again as much damage against particularly
   susceptible opponents.
   It can also slow down cold-blooded creatures.
   It makes you more stealthy.
 b - a +4 antimagic demon whip
 j - the +11 flail "Rump" {flame, rN++ Int+5, unknown}
   (Trog gifted it to you on level 3 of the Shoals)

   It has been specially enchanted to burn those struck by it, causing extra
   injury to most foes and up to half again as much damage against particularly
   susceptible opponents.
   It affects your intelligence (+5).
   It greatly protects you from negative energy.
 I - a +4 antimagic morningstar
Armour
 i - the +0 plate armour "Ytuorom" (worn) {rC+ Stlth+}
   (You found it on level 7 of the Dungeon)

   It protects you from cold.
   It makes you more stealthy.
 k - a +1 tower shield (worn)
 n - a +2 pair of boots of rampaging (worn)
 z - a +2 helmet (worn)
 K - a +2 cloak (worn)
 M - quicksilver dragon scales
 U - a +1 pair of gloves of dexterity (worn)
Jewellery
 d - an amulet of reflection (around neck)
 e - a +4 ring of protection (left hand)
 p - a ring of protection from fire (right hand)
 q - an uncursed ring of protection from fire
 R - an uncursed amulet of regeneration {unknown}
Wands
 l - a wand of digging (5)
 H - a wand of disintegration (8)
 L - a wand of acid (8)
 V - a wand of iceblast (9)
Scrolls
 h - 12 scrolls of teleportation
 m - a scroll of enchant weapon
 r - 2 scrolls of summoning
 w - 7 scrolls of fog
 x - 2 scrolls of magic mapping
 y - 5 scrolls of fear
 A - 7 scrolls of remove curse
 G - 2 scrolls of blinking
 Q - a scroll of noise {unknown}
 W - a scroll of holy word
Potions
 o - a potion of mutation
 t - 2 potions of invisibility
 u - 2 potions of cancellation
 v - 7 potions of curing
 B - 4 potions of heal wounds
 C - 4 potions of brilliance
 D - 3 potions of magic
 E - 4 potions of haste
 F - 4 potions of might {unknown}
 J - 3 potions of stabbing {unknown}
 P - 3 potions of resistance {unknown}
 Y - 2 potions of mutation
Miscellaneous
 N - a condenser vane (2/2)
 O - a condenser vane (2/2)
Comestibles
 c - 6 removed foods
 f - 4 removed foods
 g - 5 removed foods
 s - 7 removed foods
 Z - 6 removed foods


   Skills:
 * Level 18.2 Fighting
 + Level 15.4 Maces & Flails
 + Level 10.0 Armour
 - Level 1.5 Dodging
 + Level 15.9 Shields


You had 15 spell levels left.
You didn't know any spells.
Your spell library contained the following spells:

 Spells                   Type           Power        Failure   Level
 Magic Dart               Conj           #...         100%        1
 Searing Ray              Conj           #.....       100%        2
 Dazzling Flash           Conj/Hex       #.....       100%        3
 Fulminant Prism          Conj/Hex       #.........   100%        4
 Iskenderun's Mystic Bla  Conj/Tloc      #.......     100%        4


Dungeon Overview and Level Annotations

Branches:
Dungeon (11/15)            Temple (0/1) D:7            Lair (6/6) D:8
 Shoals (4/4) Lair:4       Spider (0/4) Lair:4        Slime (0/5) Lair:5
    Orc (0/2) D:10        Volcano (visited)

Altars:
Ashenzari
Cheibriados
Elyvilon
Fedhas
Okawaru
Qazlal
Xom
Yredelemnul

Shops:
D:11 x

Annotations:
Abyss:1 Urug


Innate Abilities, Weirdness & Mutations

You are resistant to torment.
Your stone body is resilient. (AC +12)
You are immune to poison.
Your large and strong wings let you fly indefinitely.
You resist negative energy. (rN+)
You are resistant to electric shocks. (rElec)
You can survive without breathing.
You are immune to petrification.
You are immune to rotting.


Message History

The javelin pierces through you but does no damage.
You hear a splash.
The merfolk javelineer hits you but does no damage.
The merfolk aquamancer hits you but does no damage.
The merfolk javelineer throws a silver javelin.
The silver javelin pierces through you but does no damage.
* * * LOW HITPOINT WARNING * * *
The silver javelin pierces through the merfolk aquamancer!
You hear a splash.
The merfolk javelineer throws a javelin.
The javelin pierces through you!
* * * LOW HITPOINT WARNING * * *
The javelin pierces through the merfolk aquamancer!!
You hear a splash.
The merfolk javelineer throws a javelin.
The javelin pierces through you but does no damage.
You hear a splash.
You block the snapping turtle's attack.
The merfolk javelineer hits you from afar with a +0 spear.
You die...

≈≈≈≈≈k≈≈≈≈≈≈[≈≈≈.#######.≈≈≈≈≈≈≈#
≈≈≈≈≈≈≈≈≈≈≈≈≈≈..##...##≈≈≈≈≈≈≈≈≈#
≈≈≈≈≈≈≈≈≈≈≈≈≈...#.....#≈≈≈≈≈≈≈≈≈#
≈≈≈≈≈≈≈≈≈≈≈≈≈...#..).≈#≈≈≈≈≈≈≈≈≈#
≈≈≈≈≈≈≈≈≈≈≈≈....#..÷≈≈#≈≈≈≈≈≈≈≈≈#
≈≈≈≈≈≈≈≈≈≈≈≈...m##[.≈##≈≈≈≈≈≈≈≈≈#
≈≈≈≈≈≈≈≈≈≈≈≈≈.mmm##'##≈≈≈≈≈≈≈≈≈≈#
≈≈≈≈≈≈≈≈≈≈≈≈≈..m≈(.≈≈≈≈≈≈≈≈≈≈≈≈≈#
≈≈≈≈≈≈≈≈≈..t@.(≈≈≈≈≈≈≈≈≈≈≈≈≈#
≈≈≈≈≈≈≈≈≈≈.m.m(≈≈≈≈≈≈≈≈≈≈≈≈≈#
≈≈≈≈≈≈≈≈≈≈≈≈≈≈≈≈≈≈≈≈≈≈≈≈≈≈≈≈#
≈≈≈≈≈≈≈≈≈≈≈≈≈≈≈≈≈≈≈≈≈≈≈≈≈≈≈#
≈≈≈≈≈≈≈≈≈(≈≈≈≈≈≈≈≈≈≈≈≈≈≈≈≈#
≈≈≈≈≈≈≈≈≈≈≈≈≈≈≈≈≈≈≈≈≈≈≈≈≈#
.≈≈..≈≈≈m≈≈≈≈≈≈≈≈≈≈≈≈≈
....≈≈≈≈≈≈≈≈≈≈≈≈≈≈≈≈


You could see a merfolk impaler, 4 merfolk javelineers, a merfolk aquamancer, a
snapping turtle, a merfolk and a merfolk siren (wandering).

Vanquished Creatures
  Donald (Shoals:4)
  Aizul (Shoals:1)
  A red draconian (Volcano)
  3 merfolk javelineers
  2 merfolk impalers
  2 hydras
  A merfolk aquamancer (Shoals:4)
  Erica (Lair:1)
  3 satyrs
  4 merfolk avatars
  3 two-headed ogres
  A salamander mystic (Volcano)
  Nergalle (Lair:1)
  The ghost of Schizzik the Carver, a novice DsGl of Okawaru (D:8)
  13 sea snakes
  A lindwurm (Lair:6)
  33 harpies
  A cyclops (Shoals:2)
  6 fauns
  2 elephants (Lair:3)
  6 salamanders (Volcano)
  10 manticores
  7 merfolk sirens
  4 black mambas
  Joseph (D:7)
  5 water nymphs
  A torpor snail (Lair:4)
  25 cane toads
  4 rime drakes
  9 komodo dragons
  26 merfolk
  7 ice devils
  2 jumping spiders (Lair:4)
  9 wind drakes
  A polar bear (Lair:6)
  5 tyrant leeches (Lair:6)
  Prince Ribbit (D:7)
  13 snapping turtles
  6 dream sheep
  18 blink frogs
  6 removed hippogriffs
  A redback (Lair:4)
  5 basilisks
  Grum (D:8)
  3 wyverns
  7 water elementals (Shoals:3)
  36 yaks
  3 removed hungry ghosts
  6 vampire mosquitoes (Lair:6)
  A soldier ant (D:10)
  10 water moccasins
  5 orc warriors
  5 removed porcupines
  An ice beast (D:8)
  2 sky beasts
  3 phantoms
  6 black bears
  A necrophage (D:6)
  18 wolves
  3 ogres
  3 centaurs
  6 removed crocodiles
  A big kobold (D:8)
  24 bullfrogs
  2 scorpions
  6 killer bees (D:6)
  2 howler monkeys
  An electric eel (Lair:2)
  3 crimson imps
  A ghost (Lair:1)
  A centaur zombie (D:7)
  A bullfrog zombie (D:7)
  4 hounds
  4 jellies
  7 orc priests
  18 orc wizards
  Ijyb (D:3)
  10 worker ants
  2 hound skeletons
  A worker ant zombie (D:5)
  A howler monkey skeleton (D:10)
  13 adders
  9 river rats
  4 shadow imps
  7 white imps (IceCv)
  7 ufetubi (IceCv)
  An ooze (Sewer)
  An adder skeleton (D:9)
  3 worms
  2 dart slugs (D:2)
  6 leopard geckos
  50 orcs
  4 bats
  10 giant cockroaches
  3 goblins
  9 hobgoblins
  7 iguanas
  13 jackals
  6 quokkas
  13 ball pythons
  8 frilled lizards
  6 kobolds
  A leopard gecko skeleton (D:5)
  A quokka skeleton (D:7)
  22 rats
  A fungus (Lair:2)
670 creatures vanquished.

Vanquished Creatures (others)
  A reaper (IceCv)
  A hydra (Lair:1)
  2 two-headed ogres
  2 merfolk aquamancers
  The ghost of Arkorax the Spear-Bearer, a novice DsBe of Trog (D:10)
  2 elephants (Lair:3)
  2 ice statues (IceCv)
  3 komodo dragons (Lair:4)
  An ice devil (IceCv)
  2 jumping spiders (Lair:4)
  A polar bear (Lair:2)
  A removed hippogriff (Lair:3)
  A redback (Lair:4)
  A basilisk (Lair:1)
  2 yaks
  A wyvern (Lair:4)
  A soldier ant (D:10)
  2 water moccasins (Lair:2)
  A removed porcupine (Lair:5)
  An orc warrior (D:10)
  A removed crocodile (Lair:2)
  A bullfrog (Lair:5)
  A worker ant (D:10)
  4 white imps (IceCv)
  4 ufetubi (IceCv)
  2 bushes
  23 fungi
  158 plants
223 creatures vanquished.

Grand Total: 893 creatures vanquished

Notes
Turn   | Place    | Note
-------+----------+-------------------------------------------
     0 | D:1      | Queen the Gargoyle Berserker began the quest for the Orb.
     0 | D:1      | Reached XP level 1. HP: 14/14 MP: 1/1
   367 | D:1      | Reached XP level 2. HP: 17/19 MP: 2/2
  1210 | D:2      | Reached XP level 3. HP: 23/23 MP: 3/3
  1219 | D:2      | Found a faded altar of an unknown god.
  1602 | D:2      | Reached XP level 4. HP: 28/28 MP: 4/4
  1707 | D:3      | Found a glowing drain.
  1732 | Sewer    | Entered a sewer
  1748 | Sewer    | Reached ** piety under Trog
  1767 | Sewer    | Reached skill level 5 in Maces & Flails
  2019 | Sewer    | Reached XP level 5. HP: 26/32 MP: 5/5
  2366 | Sewer    | Reached XP level 6. HP: 26/37 MP: 6/6
  2655 | D:3      | Reached *** piety under Trog
  2798 | D:3      | Found a shimmering altar of Xom.
  2844 | D:3      | Reached XP level 7. HP: 25/41 MP: 7/7
  3068 | D:3      | Reached skill level 1 in Shields
  3121 | D:3      | Noticed Ijyb
  3142 | D:3      | Killed Ijyb
  3256 | D:3      | Found a stormy altar of Qazlal.
  4034 | D:5      | Entered Level 5 of the Dungeon
  4173 | D:5      | Found an iron altar of Okawaru.
  5010 | D:5      | Reached **** piety under Trog
  5010 | D:5      | Reached XP level 8. HP: 46/46 MP: 8/8
  5498 | D:6      | Reached skill level 10 in Maces & Flails
  5498 | D:6      | Reached skill level 5 in Shields
  5720 | D:6      | Reached XP level 9. HP: 46/51 MP: 9/9
  5821 | D:6      | Found a blossoming altar of Fedhas.
  6012 | D:7      | Reached ***** piety under Trog
  6125 | D:7      | Found a staircase to the Ecumenical Temple.
  6449 | D:7      | Noticed Prince Ribbit
  6474 | D:7      | Killed Prince Ribbit
  6731 | D:7      | Noticed Joseph
  6759 | D:7      | Killed Joseph
  7126 | D:7      | Got a slimy plate armour
  7148 | D:7      | Identified the cursed +0 plate armour "Ytuorom" {rC+
                  | Stlth+} (You found it on level 7 of the Dungeon)
  7257 | D:8      | Found a white marble altar of Elyvilon.
  7290 | D:8      | Noticed Grum
  7335 | D:8      | Killed Grum
  7357 | D:8      | Reached XP level 10. HP: 56/56 MP: 10/10
  7519 | D:8      | Noticed Schizzik's ghost (novice DsGl)
  7554 | D:8      | Killed Schizzik's ghost
  7567 | D:8      | Found a staircase to the Lair.
  7812 | D:8      | Found a snail-covered altar of Cheibriados.
  7927 | D:8      | Found a shattered altar of Ashenzari.
  7927 | D:8      | Found a shimmering altar of Xom.
  8546 | D:9      | Noticed a two-headed ogre
  8565 | D:9      | Killed a two-headed ogre
  8565 | D:9      | Reached XP level 11. HP: 60/60 MP: 11/11
  8651 | D:9      | Noticed a two-headed ogre
  8674 | D:9      | Killed a two-headed ogre
  8868 | D:9      | Found a blossoming altar of Fedhas.
  8937 | D:9      | Found a basalt altar of Yredelemnul.
  9219 | D:10     | Entered Level 10 of the Dungeon
  9222 | D:10     | Noticed Arkorax's ghost (novice DsBe)
  9244 | D:10     | Banished Arkorax's ghost
  9244 | D:10     | Reached skill level 4 in Fighting
  9322 | D:10     | Reached skill level 10 in Shields
  9380 | D:10     | You fall through a shaft!
  9380 | D:11     | Found Bethoaga's Food Boutique.
  9381 | D:11     | Noticed a two-headed ogre
  9401 | D:10     | Banished a two-headed ogre
  9401 | D:10     | Reached skill level 5 in Fighting
  9453 | D:10     | Found a staircase to the Orcish Mines.
  9457 | D:10     | Received a gift from Trog
  9912 | D:10     | Noticed a two-headed ogre
  9919 | D:10     | Killed a two-headed ogre
  9919 | D:10     | Reached skill level 6 in Fighting
 10261 | D:8      | Noticed a two-headed ogre
 10272 | D:8      | Banished a two-headed ogre
 10272 | D:8      | Reached skill level 7 in Fighting
 10289 | Lair:1   | Entered Level 1 of the Lair of Beasts
 10578 | Lair:1   | Reached skill level 8 in Fighting
 10722 | Lair:1   | Noticed Erica
 10781 | Lair:1   | Killed Erica
 10781 | Lair:1   | Reached XP level 12. HP: 58/75 MP: 12/12
 10874 | Lair:1   | Noticed a six-headed hydra
 10885 | Lair:1   | Reached skill level 9 in Fighting
 10886 | Lair:1   | Banished a six-headed hydra
 11013 | Lair:1   | Noticed Nergalle
 11028 | Lair:1   | Killed Nergalle
 11447 | Lair:2   | Reached skill level 10 in Fighting
 12376 | Lair:3   | Reached skill level 11 in Fighting
 12921 | Lair:3   | Noticed a four-headed hydra
 12939 | Lair:3   | Killed a four-headed hydra
 12963 | Lair:3   | Reached skill level 12 in Fighting
 13018 | Lair:3   | Reached ****** piety under Trog
 13018 | Lair:3   | Reached XP level 13. HP: 74/86 MP: 13/13
 13104 | Lair:3   | Found a frozen archway.
 13123 | Lair:3   | Received a gift from Trog
 13131 | IceCv    | Entered an ice cave
 13377 | IceCv    | Killed a reaper
 14794 | Lair:4   | Found a hole to the Spider Nest.
 14815 | Lair:4   | Reached skill level 13 in Fighting
 15827 | Lair:4   | Found a staircase to the Shoals.
 15958 | Lair:4   | Received a gift from Trog
 16404 | Lair:5   | Found a staircase to the Slime Pits.
 16492 | Lair:5   | Noticed Urug
 17063 | Lair:5   | Reached skill level 14 in Fighting
 17120 | Lair:5   | Banished Urug
 17299 | Lair:5   | Upgraded the game from 0.26-a0-710-g95a0c6c400 to
                  | 0.26-a0-737-g4e9f4955e2
 18067 | Lair:6   | Entered Level 6 of the Lair of Beasts
 18131 | Lair:6   | Found a dark tunnel.
 18173 | Volcano  | Entered a volcano
 18366 | Volcano  | Gained mutation: Your large and strong wings let you fly
                  | indefinitely. [Gargoyle growth]
 18366 | Volcano  | Reached XP level 14. HP: 88/96 MP: 4/14
 18426 | Volcano  | Noticed a red draconian
 18452 | Volcano  | Killed a red draconian
 18773 | Lair:6   | Reached skill level 5 in Armour
 18807 | Lair:6   | Reached skill level 15 in Fighting
 18936 | Lair:6   | Received a gift from Trog
 19909 | Lair:6   | Got a steaming morningstar
 19921 | Lair:6   | Identified the +6 morningstar "Zaj Olid" {freeze, Stlth+}
                  | (You found it on level 6 of the Lair of Beasts)
 20256 | Shoals:1 | Entered Level 1 of the Shoals
 20277 | Shoals:1 | Reached skill level 16 in Fighting
 20603 | Shoals:1 | Noticed Aizul
 20640 | Shoals:1 | Killed Aizul
 20640 | Shoals:1 | Reached XP level 15. HP: 103/104 MP: 15/15
 21189 | Shoals:1 | Received a gift from Trog
 21585 | Shoals:2 | Reached skill level 15 in Shields
 22085 | Shoals:2 | Reached skill level 17 in Fighting
 23620 | Shoals:3 | Received a gift from Trog
 23631 | Shoals:3 | Got a slimy flail {god gift}
 23839 | Shoals:3 | Reached skill level 15 in Maces & Flails
 24160 | Shoals:3 | Reached XP level 16. HP: 112/112 MP: 16/16
 25031 | Shoals:4 | Entered Level 4 of the Shoals
 25444 | Shoals:4 | Received a gift from Trog
 25584 | Shoals:4 | Reached skill level 18 in Fighting
 25755 | Shoals:4 | Noticed Donald
 25766 | Shoals:4 | Killed Donald
 26277 | Shoals:4 | Reached skill level 10 in Armour
 26291 | Shoals:4 | HP: 4/114 [merfolk javelineer/javelin (15)]
 26291 | Shoals:4 | Slain by a merfolk javelineer

Illustrated notes

Levels and vault maps discovered:
D:1:      minmay_arrival_doors
D:2:      chequers_ecumenical_altar_simple, minmay_misc_feat_pillars
D:3:      nicolae_qazlal_general_emergency, portal_sewer_entry_a, first_bread,
          dk_xom_monty_hall, uniq_iyjb
D:4:      sigmund_army
D:5:      nicolae_overflow_crystal_walls
D:6:      fedhas_altar_4
D:7:      minmay_temple_entry_overgrown, grunt_ministairs_15,
          minmay_a_box_with_orc_wizards_in_it, uniq_prince_ribbit1, uniq_joseph
D:8:      lemuel_round_altar, grunt_temple_overflow_diamond,
          minmay_lair_entry_grove, uniq_grum
D:9:      yredelemnul_altar_generic, basic_altar
D:10:     erik_orc_3, hangedman_pestilent_swarm
D:11:     serial_shops, shop
Lair:1:   beast_lair_carwin_large_2, lemuel_fruit_tree, uniq_nergalle,
          uniq_erica
Lair:2:   serial_bayou_shore_a
Lair:3:   portal_ice_cave_demonic_guard
Lair:4:   elwin_shoals_entry_rooms, nicolae_spider_entry_tight_spaces
Lair:5:   minmay_slime_entry_oklob_open, serial_forest,
          infiniplex_forest_lined_room_2, infiniplex_forest_end_1,
          infiniplex_forest_straight_2, infiniplex_forest_straight_4,
          infiniplex_forest_zigzag_2, infiniplex_forest_corner_2, uniq_urug
Lair:6:   minmay_lair_end_frog_pond, layout_cave_pods,
          nicolae_volcano_entry_lava_flow
Shoals:1: layout_shoals, uniq_aizul
Shoals:2: layout_shoals
Shoals:3: layout_shoals, nicolae_shoals_water_elemental_grotto
Shoals:4: shoals_end_simple, layout_shoals, nicolae_alphabet_shops, uniq_donald

Skill      XL: |  1  2  3  4  5  6  7  8  9 10 11 12 13 14 15 16 |
---------------+-------------------------------------------------+-----
Maces & Flails | 4 5 6 7 8 10 12 13 14 15 | 15.4
Shields        | 3 5 7 9 11 12 13 14 15 | 15.9
Fighting       | 8 12 14 16 17 18 | 18.2
Armour         | 4 7 9 10 | 10.0
Dodging        | |  1.5

Action                   |  1- 3 |  4- 6 |  7- 9 | 10-12 | 13-15 | 16-18 || total
-------------------------+-------+-------+-------+-------+-------+-------++-------
Melee: Mace              |   108 |   317 |   126 |       |       |       ||   551
       Flail             |       |       |   538 |   355 |       |       ||   893
       Whip              |       |       |       |   645 |   552 |       ||  1197
       Morningstar       |       |       |       |       |  1027 |   272 ||  1299
Invok: Brothers in Arms  |       |     2 |     1 |     4 |     4 |       ||    11
       Trog's Hand       |       |     1 |     1 |     3 |       |       ||     5
       Berserk           |       |       |     1 |     2 |     1 |       ||     4
 Abil: Fly               |       |       |       |       |     1 |       ||     1
  Use: Scroll            |       |     4 |    10 |     9 |    13 |       ||    36
       Potion            |       |       |       |       |     4 |       ||     4
  Eat: Removed food      |     2 |     7 |    18 |    40 |    16 |       ||    83
       Removed food      |       |       |     1 |     1 |       |       ||     2
Armor: Animal skin       |    21 |       |       |       |       |       ||    21
       Scale mail        |       |   317 |       |       |       |       ||   317
       Ring mail         |       |     3 |    67 |       |       |       ||    70
       Quicksilver drago |       |       |   244 |   299 |   180 |       ||   723
       Chain mail        |       |       |     1 |       |       |       ||     1
       Plate armour      |       |       |       |       |   564 |   149 ||   713
Dodge: Dodged            |    66 |   259 |   259 |   241 |   279 |    44 ||  1148
Block: Other             |    11 |       |       |       |       |       ||    11
       Buckler           |    12 |   171 |   233 |   255 |   113 |       ||   784
       Reflection        |       |       |     1 |     4 |    59 |    18 ||    82
       Tower shield      |       |       |       |       |  1281 |   275 ||  1556

Table legend: (Time is in decaauts)
 A = Elapsed time spent in this place.
 B = Non-inter-level travel time spent in this place.
 C = Inter-level travel time spent in this place.
 D = Time resting spent in this place.
 E = Time spent auto-exploring this place.
 F = Levels seen in this place.
 G = Mean time per level.
                   A        B        C        D        E       F      G
               +--------+--------+--------+--------+--------+-----+--------+
         Total |  17557 |  16694 |    863 |   1291 |   5460 |  24 |  731.5 |
       Dungeon |   5013 |   4586 |    427 |     42 |    306 |  11 |  455.7 |
          Lair |   4987 |   4632 |    355 |     23 |   1115 |   6 |  831.2 |
        Shoals |   5946 |   5866 |     80 |   1197 |   3591 |   4 | 1486.5 |
         Sewer |    529 |    529 |      0 |      6 |     11 |   1 |  529.0 |
      Ice Cave |    549 |    549 |      0 |     23 |      8 |   1 |  549.0 |
       Volcano |    530 |    530 |      0 |      0 |    429 |   1 |  530.0 |
               +--------+--------+--------+--------+--------+-----+--------+

Top non-repeatable levels by time:
Shoals:2: 1915 daAuts
Shoals:3: 1834 daAuts
  Lair:6: 1547 daAuts
Shoals:1: 1337 daAuts
Shoals:4: 858 daAuts
 Volcano: 530 daAuts
     D:8: 150 daAuts
  Lair:2: 105 daAuts
     D:7: 78 daAuts
  Lair:5: 75 daAuts
  Lair:1: 73 daAuts
     D:3: 72 daAuts
     D:1: 61 daAuts
  Lair:3: 50 daAuts
  Lair:4: 48 daAuts
Note: time per level data comes from an upgraded game and may be incomplete.
